AoeStats
← BigOleGiraffe

Arena

510049959Analyzed
2v2 RM · 4d ago on Sep 29, 2026· 23m 58s· 4 players
Game mode
Random Map
Map size
Medium (4 player)
Population
200
Speed
Normal
Resources
Standard
Victory
Conquest
Starting age
Dark Age
Ending age
Imperial Age
RankedLock teamsTeams togetherTeam positionsShared explorationLock speedFull tech treeHidden civsTurbo modeCheats
Victory
Defeat
🇷🇺 Romans · Russia
1053
+14
🇷🇺 Mapuche · Russia
1050
+14
🇨🇦 Varangians · Canada
1053
-16
🇨🇦 Danes · Canada
964
-12
6ym6ym666
0:26 Loom
11:40 Feudal Age
12:00 Champi Runner
12:26 Arson
15:05 Scale Mail Armor
18:31 Forging
22:21 Castle Age
22:27 Champi Warrior
24:54 Iron Casting
MAN1YAKFOX
4:40 Loom
11:09 Feudal Age
17:34 Castle Age
16:13 Man-at-Arms
18:34 Scale Mail Armor
18:43 Long Swordsman
20:34 Chain Mail Armor
20:34 Forging
BigOleGiraffe
10:24 Feudal Age
11:15 Double-Bit Axe
17:07 Castle Age
15:07 Horse Collar
15:56 Gold Mining
16:45 Fletching
17:39 Scale Barding Armor
19:11 Heavy Plow
vince.dion123
10:50 Feudal Age
15:28 Castle Age
13:55 Loom
14:23 Double-Bit Axe
14:40 Horse Collar
24:08 Squires
Connection lost

Rejoining the realm…

Still unreachable

The connection could not be restored.

Session expired

The server has moved on; the page needs a fresh start.